 Dungeon Crawl Stone Soup version 0.29.0-4-gdea44cf6ec (webtiles) character file.

Game seed: 3382680791959498212

269 qw the Ruffian (level 6, -1/48 HPs)
             Began as a Ghoul Enchanter on Sept 4, 2022.
             Slain by a gnoll
             ... wielding a +0 spear
             ... led by a gnoll bouda
              (2 damage)
             ... on level 4 of the Dungeon.
             The game lasted 00:01:36 (4058 turns).

qw the Ruffian (Ghoul Enchanter)                    Turns: 4058, Time: 00:01:38

Health: -1/48      AC: 10    Str: 14    XL:     6   Next: 22%
Magic:  7/7        EV:  9    Int: 10    God:
Gold:   125        SH:  0    Dex:  9    Spells: 8/8 levels left

rFire   . . .      SeeInvis .     - Unarmed
rCold   + . .      Faith    .   (no shield)
rNeg    + + +      Spirit   .   b - +0 scale mail
rPois   inf        Reflect  .   (no helmet)
rElec   .          Harm     .   (no cloak)
rCorr   .          Rampage  .   (no gloves)
Will    .....                   (no boots)
Stlth   +.........              (no amulet)
HPRegen 0.00/turn               a - +4 ring of protection
MPRegen 0.10/turn               (no ring)

@: inhibited regen
A: claws 1, cold resistance 1, negative energy resistance 3, inhibited
regeneration, torment resistance 2, devour on kill
a: no special abilities


You were on level 4 of the Dungeon.
You visited 1 branch of the dungeon, and saw 4 of its levels.

You collected 125 gold pieces.


Innate Abilities, Weirdness & Mutations

You are immune to poison.
You have sharp fingernails.
Your flesh is cold resistant. (rC+)
You are immune to negative energy. (rN+++)
You do not regenerate when monsters are visible.
You are immune to unholy pain and torment.
You thrive by killing the living.


   Skills:
 - Level 2.0 Fighting
 - Level 0.8 Short Blades
 - Level 1.1 Throwing
 - Level 1.7 Dodging
 - Level 3.2 Stealth
 + Level 5.7 Unarmed Combat
 - Level 1.7 Spellcasting
 - Level 2.4 Hexes


You had 8 spell levels left.
You didn't know any spells.
Your spell library contained the following spells:

 Spells                   Type           Power      Damage    Failure   Level
 Ensorcelled Hibernation  Hex/Ice        6%         N/A       80%         2
 Confusing Touch          Hex            5%         N/A       85%         3
 Tukima's Dance           Hex            5%         N/A       85%         3
 Dazzling Flash           Conj/Hex       6%         N/A       95%         3

Inventory:

Missiles
 e - 4 javelins (quivered)
Armour
 b - a +0 scale mail (worn)
Jewellery
 a - a +4 ring of protection (left claw)
Scrolls
 c - a scroll of enchant weapon
 g - a scroll of identify
Potions
 d - a potion of mutation
 f - a potion of curing
 h - a potion of might
 l - a potion of heal wounds {unknown}

Dungeon Overview and Level Annotations

Branches:
Dungeon (4/15)
 Temple: D:4-7

Altars:
Dithmenos
Hepliaklqana
Yredelemnul


Message History

The gnoll hits you from afar with a +0 spear.
The gnoll bouda hits you but does no damage.
You scratch the gnoll bouda but do no damage.
The gnoll bouda is heavily wounded.
You closely miss the gnoll bouda.
The gnoll bouda is heavily wounded.
The gnoll hits you but does no damage.
The gnoll bouda hits you but does no damage.
The gnoll hits you from afar with a +0 spear.
You scratch the gnoll bouda.
The gnoll bouda is heavily wounded.
Your attacks no longer feel as feeble.
The gnoll hits you but does no damage. x2; The gnoll bouda closely misses you.
You barely miss the gnoll bouda.
The gnoll bouda is heavily wounded.
The gnoll barely misses you. The gnoll hits you but does no damage.
The gnoll bouda hits you but does no damage.
You scratch the gnoll bouda.
The gnoll bouda is severely wounded.
The gnoll hits you from afar with a +0 spear.
The gnoll barely misses you.
The gnoll bouda hits you with a +0 club.
You claw the gnoll bouda!
You kill the gnoll bouda!
The gnoll hits you from afar with a +0 spear.
The gnoll hits you but does no damage.
Your Throwing skill increases to level 1!
The gnoll hits you with a +0 spear. The gnoll hits you but does no damage.
The gnoll hits you from afar with a +0 spear.
Things that are here:
a +0 club; a +0 leather armour; a gnoll corpse You scratch the gnoll.
The gnoll is lightly wounded.
The gnoll is no longer moving quickly.
The gnoll hits you with a +0 spear. The gnoll barely misses you.
You scratch the gnoll but do no damage.
The gnoll is lightly wounded.
The gnoll hits you but does no damage. The gnoll barely misses you.
The gnoll hits you with a +0 spear.
You die...

##...?..#.........
.....##.#).#......
#.........#...###
#.........###..#
#.........# #.#
#........## ..#
######.##### .#
#.....####.#
#####...@gg#
#####gg# >.# ....
..... ...)...
....... .......


You could see 4 gnolls.

Vanquished Creatures
  A necrophage (D:4)
  A scorpion (D:4)
  A gnoll bouda (D:4)
  6 adders
  A worm (D:2)
  3 dart slugs
  6 orcs
  6 endoplasms
  2 giant cockroaches
  11 goblins
  3 hobgoblins
  6 kobolds
  A quokka (D:3)
  6 ball pythons
  4 bats
  4 rats
62 creatures vanquished.

Notes
Turn   | Place    | Note
-------+----------+-------------------------------------------
     0 | D:1      | qw the Ghoul Enchanter began the quest for the Orb.
     0 | D:1      | Reached XP level 1. HP: 14/14 MP: 2/2
     0 | D:1      | 0 ||| qw: Version: 0.1-a-103-gd6f5d3a
     0 | D:1      | 0 ||| qw: Game counter: 5699
     0 | D:1      | 0 ||| qw: Always use a shield: true
     0 | D:1      | 0 ||| qw: God list: Okawaru
     0 | D:1      | 0 ||| qw: Allow faded altars: false
     0 | D:1      | 0 ||| qw: Do Orc after D:15 true
     0 | D:1      | 0 ||| qw: Do second Lair branch before Depths: true
     0 | D:1      | 0 ||| qw: Lair rune preference: random
     0 | D:1      | 0 ||| qw: Plans: Normal
     0 | D:1      | 0 ||| PLANNING D:1-11
     1 | D:1      | 1 ||| DROPPING +1 dagger.
    35 | D:1      | 35 ||| Stepping ~*~*~tactically~*~*~ (stealth).
    66 | D:1      | Reached skill level 1 in Unarmed Combat
   108 | D:1      | 108 ||| Stepping ~*~*~tactically~*~*~ (stealth).
   110 | D:1      | 110 ||| Stepping ~*~*~tactically~*~*~ (stealth).
   143 | D:1      | 143 ||| Stepping ~*~*~tactically~*~*~ (stealth).
   145 | D:1      | 145 ||| Stepping ~*~*~tactically~*~*~ (stealth).
   151 | D:1      | HP: 2/15 [kobold/+0 whip (3)]
   153 | D:1      | Reached skill level 1 in Fighting
   153 | D:1      | Reached XP level 2. HP: 6/23 MP: 3/3
   179 | D:1      | 179 ||| Stepping ~*~*~tactically~*~*~ (stealth).
   205 | D:1      | 205 ||| Stepping ~*~*~tactically~*~*~ (stealth).
   224 | D:1      | 224 ||| Stepping ~*~*~tactically~*~*~ (stealth).
   227 | D:1      | 227 ||| Stepping ~*~*~tactically~*~*~ (stealth).
   231 | D:1      | 231 ||| Stepping ~*~*~tactically~*~*~ (stealth).
   244 | D:1      | 244 ||| Stepping ~*~*~tactically~*~*~ (stealth).
   281 | D:1      | 281 ||| Stepping ~*~*~tactically~*~*~ (stealth).
   474 | D:1      | 474 ||| Stepping ~*~*~tactically~*~*~ (hiding).
   576 | D:1      | 576 ||| Stepping ~*~*~tactically~*~*~ (hiding).
   678 | D:1      | 678 ||| Stepping ~*~*~tactically~*~*~ (hiding).
   780 | D:1      | 780 ||| Stepping ~*~*~tactically~*~*~ (hiding).
   882 | D:1      | 882 ||| Stepping ~*~*~tactically~*~*~ (hiding).
   885 | D:1      | 885 ||| Stepping ~*~*~tactically~*~*~ (hiding).
   995 | D:1      | Found a faded altar of an unknown god.
  1090 | D:1      | Reached skill level 2 in Unarmed Combat
  1708 | D:1      | 1708 ||| UPGRADING to +0 ring mail.
  1718 | D:1      | 1718 ||| DROPPING +0 robe.
  1719 | D:1      | 1719 ||| READING scroll labelled EXEUMAIL UQOSM.
  1720 | D:1      | 1720 ||| DRINKING 2 coppery potions.
  1721 | D:1      | 1721 ||| DROPPING 2 potions of invisibility.
  1872 | D:2      | Reached XP level 3. HP: 27/28 MP: 4/4
  1977 | D:2      | Found a basalt altar of Yredelemnul.
  2036 | D:2      | Reached skill level 3 in Unarmed Combat
  2084 | D:2      | 2084 ||| Stepping ~*~*~tactically~*~*~ (hiding).
  2186 | D:2      | 2186 ||| Stepping ~*~*~tactically~*~*~ (hiding).
  2288 | D:2      | 2288 ||| Stepping ~*~*~tactically~*~*~ (hiding).
  2406 | D:2      | 2406 ||| Stepping ~*~*~tactically~*~*~ (stealth).
  2458 | D:2      | HP: 7/28 [worm (8)]
  2460 | D:2      | Reached XP level 4. HP: 9/35 MP: 5/5
  2927 | D:2      | 2927 ||| UPGRADING to +0 scale mail.
  2937 | D:2      | 2937 ||| DROPPING +0 ring mail.
  2938 | D:2      | 2938 ||| READING scroll labelled YCARAQ QYOM.
  2939 | D:2      | 2939 ||| READING scroll labelled RUEN CAELOWYTI.
  2940 | D:2      | 2940 ||| READING scroll labelled REURYS ZEAJUAS.
  2941 | D:2      | 2941 ||| DRINKING 2 yellow potions.
  2942 | D:2      | 2942 ||| DROPPING potion of brilliance.
  3040 | D:3      | Reached skill level 4 in Unarmed Combat
  3059 | D:3      | Found a hazy altar of Hepliaklqana.
  3371 | D:3      | Found a shadowy altar of Dithmenos.
  3399 | D:3      | 3399 ||| Stepping ~*~*~tactically~*~*~ (stealth).
  3756 | D:3      | 3756 ||| UPGRADING to +4 ring of protection.
  3757 | D:3      | 3757 ||| READING scroll labelled TAUXES XEAL.
  3758 | D:3      | 3758 ||| READING 2 scrolls labelled VISIUCH COEDGH.
  3759 | D:3      | 3759 ||| READING scroll labelled OVAYCOT WIYPOCLIR.
  3760 | D:3      | 3760 ||| DRINKING 2 clear potions.
  3761 | D:3      | 3761 ||| DRINKING 2 fizzy yellow potions.
  3762 | D:3      | 3762 ||| READING 2 scrolls of identify.
  3762 | D:3      | 3762 ||| IDENTIFYING smoky blue potion
  3763 | D:3      | 3763 ||| DROPPING potion of magic.
  3764 | D:3      | 3764 ||| DROPPING scroll of vulnerability.
  3773 | D:4      | Noticed a necrophage
  3779 | D:4      | Killed a necrophage
  3780 | D:4      | Reached XP level 5. HP: 40/41 MP: 6/6
  3823 | D:4      | Reached skill level 5 in Unarmed Combat
  3981 | D:4      | Reached XP level 6. HP: 43/48 MP: 7/7
  4037 | D:4      | 4037 ||| Stepping ~*~*~tactically~*~*~ (outnumbered).
  4038 | D:4      | 4038 ||| Stepping ~*~*~tactically~*~*~ (hiding).
  4040 | D:4      | Identified the +1 leather armour of Okawaru, Writhing {rF+
                  | Int+4}
  4054 | D:4      | HP: 12/48 [gnoll bouda/+0 club (6)]
  4056 | D:4      | Reached skill level 1 in Throwing
  4056 | D:4      | HP: 5/48 [gnoll/+0 spear[a gnoll bouda] (1)]
  4057 | D:4      | HP: 1/48 [gnoll/+0 spear[a gnoll bouda] (4)]
  4058 | D:4      | Slain by a gnoll

Levels and vault maps discovered:
D:1:      heliophobic_arrival_dark_side_of_the_moon, layout_basic,
          chequers_ecumenical_altar_simple, item_on_display_a
D:2:      layout_rooms, basic_altar, due_unseen_surprise
D:3:      layout_loops_corners, nicolae_hepliaklqana_hazy_memory,
          mainiacjoe_overflow_alcove_1, minmay_ruptured
D:4:      layout_basic, zin_angel, nicolae_shop_i_like_big_books, uniq_natasha,
          uniq_grinder

Skill      XL: |  1  2  3  4  5  6 |
---------------+-------------------+-----
Unarmed Combat | 1 2 3 4 5 |  5.7
Fighting       | 1 2 |  2.0
Throwing       | 1 |  1.1
Short Blades   | |  0.8
Dodging        | |  1.7
Stealth        | |  3.2
Spellcasting   | |  1.7
Hexes          | |  2.4

Action                   |  1- 3 |  4- 6 || total
-------------------------+-------+-------++-------
Melee: Unarmed           |   114 |   108 ||   222
       Punch             |     2 |       ||     2
Throw: Javelin           |       |    19 ||    19
  Use: Scroll            |     1 |     7 ||     8
       Potion            |     1 |     3 ||     4
Armor: Robe              |     5 |       ||     5
       Ring mail         |    19 |     1 ||    20
       Scale mail        |       |    46 ||    46
Dodge: Dodged            |    50 |    58 ||   108

Table legend:
 A = Non-vault XP
 B = Vault XP
 C = Vault XP percentage of total XP
 D = Non-vault monster count
 E = Vault monster count
 F = Vault count percentage of total count
                 A         B        C        D         E       F
            +---------+---------+-------+---------+---------+-------
      Total |     353 |      32 |   8.3 |      57 |       5 |   8.1
            +---------+---------+-------+---------+---------+-------
        D:1 |      31 |       0 |   0.0 |      16 |       0 |   0.0
        D:2 |      59 |       0 |   0.0 |      20 |       0 |   0.0
        D:3 |      32 |      32 |  50.0 |      11 |       5 |  31.2
        D:4 |     231 |       0 |   0.0 |      10 |       0 |   0.0
            +---------+---------+-------+---------+---------+-------
